 Dungeon Crawl Stone Soup version 0.30-a0-870-gc5d4c5acee (webtiles) character file.

Game seed: 12299568153961548734

331 bande the Covered (level 6, 0/39 HPs)
             Began as a Gargoyle Fighter on Mar 12, 2023.
             Slain by Pargi (2 damage)
             ... in a sewer.
             The game lasted 00:07:19 (2840 turns).

bande the Covered (Gargoyle Fighter)                Turns: 2840, Time: 00:07:19

Health: 0/39       AC: 11    Str: 19    XL:     6   Next: 51%
Magic:  6/6        EV: 14    Int:  9    God:
Gold:   199        SH:  4    Dex: 11    Spells: 5/5 levels left

rFire   + . .      SeeInvis .    e - +0 broad axe
rCold   . . .      Faith    .    c - +0 buckler
rNeg    + . .      Spirit   .    b - +0 scale mail
rPois   ∞          Reflect  .    (no helmet)
rElec   +          Rampage  .    (no cloak)
rCorr   .                        (no gloves)
Will    .....                    (no boots) Stlth
                                 (no amulet)
HPRegen 0.26/turn                l - +5 ring of evasion
MPRegen 0.10/turn                m - ring of protection from fire

@: mighty, very slow
A: sickness immunity, AC +4, negative energy resistance 1, electricity
resistance, torment resistance 1, petrification resistance
a: no special abilities


You were in a sewer.
You visited 1 branch of the dungeon, and saw 4 of its levels.
You also visited: Sewer.

You collected 199 gold pieces.

Inventory:

Hand Weapons
 a - a +0 war axe
 e - a +0 broad axe (weapon)
 g - a +0 flail
Armour
 b - a +0 scale mail (worn)
 c - a +0 buckler (worn)
Jewellery
 l - a +5 ring of evasion (left hand)
 m - a ring of protection from fire (right hand)
Scrolls
 f - a scroll of fog
 h - 2 scrolls of teleportation
 o - a scroll of identify
Potions
 j - 2 potions of mutation
 k - a potion of magic {unknown}
 n - a potion of cancellation {unknown}


   Skills:
 + Level 4.4 Fighting
 + Level 4.3 Axes
 + Level 4.6 Armour
 + Level 4.2 Shields


You had 5 spell levels left.
You didn't know any spells.
Your spell library contained the following spells:

 Spells                   Type           Power      Damage    Failure   Level
 Static Discharge         Conj/Air       0%         2-2/arc   92%         2
 Call Canine Familiar     Summ           0%         N/A       99%         3
 Portal Projectile        Hex/Tloc       0%         N/A       99%         3
 Vhi's Electric Charge    Tloc/Air       0%         N/A       99%         3
 Leda's Liquefaction      Hex/Erth       0%         N/A       100%        4
 Arcjolt                  Conj/Air       0%         1d10      100%        5
 Lightning Bolt           Conj/Air       0%         1d11      100%        5


Dungeon Overview and Level Annotations

Branches:
Dungeon (4/15)              Sewer (1/1)
 Temple: D:4-7

Altars:
Ru
Vehumet

Annotations:
Sewer Pargi


Innate Abilities, Weirdness & Mutations

You are immune to sickness and miasma.
Your stone body is resilient. (AC +4)
You are immune to poison.
You resist negative energy. (rN+)
You are resistant to electric shocks. (rElec)
You are resistant to unholy torment.
You are immune to petrification.


Message History

Pargi claws you but does no damage. x2
You slash Pargi!
Pargi is heavily wounded.
Pargi barely misses you. Pargi closely misses you.
Pargi claws you but does no damage.
You enter the shallow water.
Moving in this stuff is going to be slow.
Your unstable footing causes you to fumble your attack.
You block Pargi's attack. x2; Pargi claws you but does no damage.
Pargi closely misses you. Pargi claws you but does no damage. x2
Your unstable footing causes you to fumble your attack.
Pargi bites you.
* * * LOW HITPOINT WARNING * * *
Pargi closely misses you. Pargi claws you but does no damage.
Your unstable footing causes you to fumble your attack.
You block Pargi's attack. x2; Pargi claws you but does no damage.
You block Pargi's attack. Pargi claws you but does no damage. x2
You hit Pargi but do no damage.
Pargi is moderately wounded.
Pargi misses you. Pargi claws you but does no damage. x2
You hit Pargi but do no damage.
Pargi is lightly wounded.
Pargi bites you.
* * * LOW HITPOINT WARNING * * *
Pargi closely misses you. Pargi claws you but does no damage.
Pargi barely misses you. Pargi claws you but does no damage.
Pargi completely misses you.
You feel very mighty all of a sudden. Pargi barely misses you. Pargi claws you.
* * * LOW HITPOINT WARNING * * *
Pargi claws you but does no damage.
You miss Pargi.
Pargi is lightly wounded.
Pargi misses you. Pargi barely misses you. Pargi misses you.
You closely miss Pargi.
Pargi is lightly wounded.
Pargi bites you.
* * * LOW HITPOINT WARNING * * *
Pargi completely misses you. Pargi claws you.
You die...

##≈≈≈≈≈≈≈≈≈.##~~≈≈≈≈.≈≈
#≈≈≈≈≈≈≈≈≈.###.#~≈≈~#.≈
##≈≈≈≈≈≈≈≈.## ####∩∩.#
#≈≈≈≈≈≈≈≈≈~.# #####
≈≈≈≈≈≈≈≈≈~~.#
#≈≈≈≈≈≈≈~.###
##≈≈≈≈≈≈.## #≈≈≈≈≈≈~##
#≈≈≈≈≈≈@## ≈≈≈≈≈≈≈T.#
#≈≈≈≈≈≈~.# ≈≈≈≈≈≈≈≈~#
#≈≈≈≈≈≈≈.# #≈≈≈≈≈≈≈≈.
##≈≈≈≈≈≈≈.# #≈≈≈≈≈≈≈≈≈~
#≈≈≈≈≈≈≈≈≈~.


You could see Pargi.

Vanquished Creatures
  A scorpion (D:4)
  A hound (D:4)
  Natasha (twice) (D:2)
  6 adders
  4 gnolls
  2 worms (D:2)
  3 orcs
  7 endoplasms
  5 giant cockroaches
  6 goblins
  9 hobgoblins
  6 kobolds
  10 quokkas
  13 ball pythons
  3 bats (D:2)
  5 frilled lizards
  8 rats
91 creatures vanquished.

Notes
Turn   | Place    | Note
-------+----------+-------------------------------------------
     0 | D:1      | bande the Gargoyle Fighter began the quest for the Orb.
     0 | D:1      | Reached XP level 1. HP: 14/14 MP: 1/1
   179 | D:1      | Reached XP level 2. HP: 19/19 MP: 2/2
   294 | D:1      | Reached XP level 3. HP: 23/23 MP: 3/3
   823 | D:2      | Reached XP level 4. HP: 19/29 MP: 4/4
   973 | D:2      | Noticed Natasha
   981 | D:2      | Killed Natasha
  1189 | D:2      | Found a radiant altar of Vehumet.
  1449 | D:2      | Noticed Natasha
  1452 | D:2      | Killed Natasha
  1453 | D:2      | Reached XP level 5. HP: 33/33 MP: 5/5
  1614 | D:3      | Found a sacrificial altar of Ru.
  2546 | D:4      | Reached XP level 6. HP: 19/38 MP: 6/6
  2759 | D:4      | Found a glowing drain.
  2785 | Sewer    | Entered a sewer
  2817 | Sewer    | Noticed Pargi
  2840 | Sewer    | Slain by Pargi

Illustrated notes

Levels and vault maps discovered:
D:1:      lemuel_arrival_broad_hall, layout_loops_ring, minmay_circled_x
D:2:      layout_loops_cross, basic_altar, minmay_misc_feat_plants, uniq_natasha
D:3:      kennysheep_big_flooded_room, layout_basic, lemuel_doored_altar,
          minmay_statues_item, hangedman_decor_growths
D:4:      layout_cave_pools, nicolae_qazlal_style_of_elements,
          portal_sewer_entry_f
Sewer:    sewer_co_pargi_island

Skill      XL: |  1  2  3  4  5 |
---------------+----------------+-----
Axes           | 2 3 4 |  4.3
Armour         | 4 |  4.6
Fighting       | 4 |  4.4
Shields        | 4 |  4.2

Action                     |  1- 3 |  4- 6 || total
---------------------------+-------+-------++-------
  Melee: Broad axe         |    80 |   254 ||   334
         War axe           |     3 |       ||     3
    Use: Scroll            |       |     8 ||     8
         Potion            |       |     2 ||     2
 Armour: Scale mail        |    50 |   133 ||   183
  Dodge: Dodged            |    45 |   233 ||   278
  Block: Buckler           |    23 |    84 ||   107

Table legend: (Time is in decaauts)
 A = Elapsed time spent in this place.
 B = Non-inter-level travel time spent in this place.
 C = Inter-level travel time spent in this place.
 D = Time resting spent in this place.
 E = Time spent auto-exploring this place.
 F = Levels seen in this place.
 G = Mean time per level.
                   A        B        C        D        E       F      G
               +--------+--------+--------+--------+--------+-----+--------+
         Total |   3006 |   2939 |     67 |    159 |   1912 |   5 |  601.2 |
       Dungeon |   2934 |   2867 |     67 |    159 |   1902 |   4 |  733.5 |
         Sewer |     72 |     72 |      0 |      0 |     10 |   1 |   72.0 |
               +--------+--------+--------+--------+--------+-----+--------+

Top non-repeatable levels by time:
     D:3: 944 daAuts
     D:2: 925 daAuts
     D:1: 775 daAuts
     D:4: 290 daAuts
   Sewer: 72 daAuts
